 Dungeon Crawl Stone Soup version 0.26-a0-1126-g3318b609a0 (webtiles) character file.

Game seed: 15717082767168298957

32 Flubbersnuff the Sneak (level 3, -5/18 HPs)
             Began as a Spriggan Brigand on Dec 17, 2020.
             Slain by a worm (9 damage)
             ... on level 2 of the Dungeon.
             The game lasted 00:04:19 (1677 turns).

Flubbersnuff the Sneak (Spriggan Brigand)           Turns: 1677, Time: 00:04:19

Health: -5/18      AC:  3    Str:  7    XL:     3   Next: 8%
Magic:  4/4        EV: 17    Int: 12    God:
Gold:   58         SH:  0    Dex: 18    Spells: 2/2 levels left

rFire    . . .     SeeInvis +   a - +2 dagger
rCold    . . .     Faith    .   (shield restricted)
rNeg     . . .     Spirit   .   b - +0 robe
rPois    .         Reflect  .   (helmet restricted)
rElec    .         Harm     .   c - +0 cloak
rCorr    .         Rampage  .   (gloves unavailable)
Will     .....                  (boots unavailable)
Stlth    ++++......             (no amulet)
HPRegen  0.06/turn              (no ring)
MPRegen  0.09/turn              (no ring)

@: very quick
A: very small, unfitting armour, see invisible, speed 3
a: no special abilities


You were on level 2 of the Dungeon.
You visited 1 branch of the dungeon, and saw 2 of its levels.

You collected 58 gold pieces.

Inventory:

Hand Weapons
 a - a +2 dagger (weapon)
Missiles
 d - 8 poisoned darts (quivered)
 e - 2 curare-tipped darts
Armour
 b - a +0 robe (worn)
 c - a +0 cloak (worn)
Scrolls
 f - 5 scrolls of identify {unknown}
 g - 3 scrolls of fear {unknown}
 h - 2 scrolls of magic mapping {unknown}
 j - a scroll of remove curse {unknown}
 k - a scroll of amnesia {unknown}
 m - a scroll of teleportation {unknown}
Potions
 i - a potion of attraction {unknown}
 l - a potion of might {unknown}


   Skills:
 - Level 1.5 Fighting
 + Level 2.8 Short Blades
 - Level 2.0 Throwing
 + Level 2.0 Dodging
 * Level 7.0 Stealth


You had 2 spell levels left.
You didn't know any spells.
Your spell library was empty.

Dungeon Overview and Level Annotations

Branches:
Dungeon (2/15)

Altars:
Cheibriados

Annotations:
D:2 Robin


Innate Abilities, Weirdness & Mutations

You are very small and have problems with some larger weapons.
You are too small for most types of armour.
You have supernaturally acute eyesight. (SInv)
You cover ground extremely quickly.


Message History

The worm is moderately wounded.
The worm bites you.
* * * LOW HITPOINT WARNING * * *
You hit the worm.
The worm is moderately wounded.
You hit the worm.
The worm is heavily wounded.
The worm completely misses you.
You hit the worm.
The worm is heavily wounded.
You barely miss the worm.
The worm is heavily wounded.
The worm completely misses you.
You hit the worm.
The worm is severely wounded.
You hit the worm but do no damage.
The worm is severely wounded.
The worm bites you!
Ouch! That really hurt!
You die...

##############
######.)...[..w@..#####
##).....####............
#..................#####
#..#########.####..#
#..# #.# ..# #>.#
#....†......# #..###
#.###.####..# #....# #.#
..# #.##.# # #.. ..#


You could see a worm.

Vanquished Creatures
  A worm (D:2)
  A dart slug (D:1)
  An orc (D:2)
  5 bats
  2 giant cockroaches (D:1)
  6 goblins
  A jackal (D:2)
  3 frilled lizards (D:1)
  3 kobolds
  2 rats (D:2)
25 creatures vanquished.

Notes
Turn   | Place    | Note
-------+----------+-------------------------------------------
     0 | D:1      | Flubbersnuff the Spriggan Brigand began the quest for the
                  | Orb.
     0 | D:1      | Reached XP level 1. HP: 10/10 MP: 2/2
    31 | D:1      | Reached skill level 6 in Stealth
   181 | D:1      | Reached XP level 2. HP: 14/14 MP: 3/3
   542 | D:2      | Noticed Robin
  1172 | D:2      | Reached XP level 3. HP: 10/18 MP: 4/4
  1266 | D:2      | Found a snail-covered altar of Cheibriados.
  1374 | D:2      | Reached skill level 7 in Stealth
  1677 | D:2      | Slain by a worm

Illustrated notes

Levels and vault maps discovered:
D:1:      shiori_arrival_maze, layout_loops_ring
D:2:      layout_loops_ring, cheibriados_altar_1, uniq_robin

Skill      XL: |  1  2  3 |
---------------+----------+-----
Stealth        | 6 7 |  7.0
Dodging        | 2 |  2.0
Fighting       | |  1.5
Short Blades   | |  2.8
Throwing       | |  2.0

Action                   || total
-------------------------++-------
Melee: Dagger            ||    94
 Stab: Sleeping          ||     8
Armor: Robe              ||     8
Dodge: Dodged            ||    47

Table legend: (Time is in decaauts)
 A = Elapsed time spent in this place.
 B = Non-inter-level travel time spent in this place.
 C = Inter-level travel time spent in this place.
 D = Time resting spent in this place.
 E = Time spent auto-exploring this place.
 F = Levels seen in this place.
 G = Mean time per level.
                   A        B        C        D        E       F      G
               +--------+--------+--------+--------+--------+-----+--------+
         Total |   1413 |   1335 |     78 |    761 |    311 |   2 |  706.5 |
       Dungeon |   1413 |   1335 |     78 |    761 |    311 |   2 |  706.5 |
               +--------+--------+--------+--------+--------+-----+--------+

Top non-repeatable levels by time:
     D:1: 1028 daAuts
     D:2: 384 daAuts
